 Dungeon Crawl Stone Soup version 0.29.1-13-g9f3cf754e1 (webtiles) character file.

Game seed: 4079722301357782800

42 Peloso the Trooper (level 3, 0/33 HPs)
             Began as a Minotaur Fighter on Jan 24, 2023.
             Slain by an orc wizard
             ... wielding a +3 dagger
              (6 damage)
             ... on level 2 of the Dungeon.
             The game lasted 00:01:54 (1306 turns).

Peloso the Trooper (Minotaur Fighter)               Turns: 1306, Time: 00:01:55

Health: 0/33       AC:  7    Str: 20    XL:     3   Next: 33%
Magic:  2/2        EV:  9    Int:  5    God:
Gold:   118        SH:  4    Dex: 11    Spells: 2/2 levels left

rFire   . . .      SeeInvis .   a - +0 long sword
rCold   . . .      Faith    .   c - +0 buckler
rNeg    . . .      Spirit   .   b - +0 scale mail
rPois   .          Reflect  .   (helmet restricted)
rElec   .          Harm     .   (no cloak)
rCorr   .          Rampage  .   (no gloves)
Will    .....                   (no boots)
Stlth   ..........              (no amulet)
HPRegen 0.11/turn               (no ring)
MPRegen 0.08/turn               (no ring)

@: no status effects
A: horns 2, retaliatory headbutt
a: no special abilities


You were on level 2 of the Dungeon.
You visited 1 branch of the dungeon, and saw 2 of its levels.

You collected 118 gold pieces.

Inventory:

Hand Weapons
 a - a +0 long sword (weapon)
Armour
 b - a +0 scale mail (worn)
 c - a +0 buckler (worn)
Scrolls
 j - a scroll of noise {unknown}
 k - a scroll of fear {unknown}
Potions
 d - a potion of might
 e - 2 potions of berserk rage
 f - a potion of haste {unknown}
 g - a potion of brilliance {unknown}
 h - 2 potions of heal wounds
 i - 3 potions of curing {unknown}


   Skills:
 + Level 4.2 Fighting
 + Level 3.0 Long Blades
 + Level 4.1 Armour
 + Level 0.2 Dodging
 + Level 3.9 Shields


You had 2 spell levels left.
You didn't know any spells.
Your spell library contained the following spells:

 Spells                   Type           Power      Damage    Failure   Level
 Shock                    Conj/Air       0%         1d3       89%         1
 Swiftness                Air            0%         N/A       99%         3
 Airstrike                Air            0%         2d(0-16)  100%        4


Dungeon Overview and Level Annotations

Branches:
Dungeon (2/15)

Altars:
Xom

Shops:
D:1 *


Innate Abilities, Weirdness & Mutations

You have a pair of horns on your head.
You reflexively headbutt those who attack you in melee.


Message History

An orc comes into view. It is wielding a +0 flail.
You block the orc's attack.
You see here a +0 dagger.
The orc shouts!
You block the orc's attack.
You barely miss the orc.
The orc wizard gestures wildly while chanting.
The orc wizard flickers and vanishes!
Deactivating autopickup; reactivate with Ctrl-A.
You see here a +0 dagger.
The orc attacks as you move away! The orc hits you but does no damage.
You see here a +0 spear.
You slash the orc!
You kill the orc!
You hit the orc. You headbutt the orc.
You kill the orc!
Items here: ))) ††.
You hear some strange, mumbled words.
Something tries to affect you, but you resist.
Items here: ))) ††.
You hear some strange, mumbled words.
Something tries to affect you, but you resist.
Items here: ))) ††.
You barely miss the orc. You miss something. Your headbutt misses something.
You barely miss something. Your headbutt misses something.
Something hits you. x2
You barely miss something. Your headbutt misses something.
Something hits you but does no damage.
You miss something. Your headbutt misses something. Something hits you.
You closely miss something. Your headbutt misses something.
Something hits you. x2
You miss something. Your headbutt misses something.
Something hits you but does no damage.
You slash something! You headbutt something.
You hear some strange, mumbled words.
A magic dart appears from out of thin air!
The magic dart hits you!
You miss something. Your headbutt misses something. Something hits you.
* * * LOW HITPOINT WARNING * * *
Something hits you.
You die...

#..........##..............
#..........+...............
##.........####............
#.........# #............
#.........# #............
#.........# #....<.......
#.........# #..........##
#.......).# #..........#
#........@######+########
##########{).....#
#o#.....# #.#.....#
#.#.....# ..+.....#
..#.....# ...#>..o..#
...#......#


You could see an orc.

Vanquished Creatures
  A worm (D:2)
  A dart slug (D:2)
  3 orcs (D:2)
  3 endoplasms
  2 giant cockroaches (D:1)
  3 goblins
  3 hobgoblins
  4 kobolds
  2 quokkas
  3 bats
  A frilled lizard (D:2)
  5 rats
31 creatures vanquished.

Notes
Turn   | Place    | Note
-------+----------+-------------------------------------------
     0 | D:1      | Peloso the Minotaur Fighter began the quest for the Orb.
     0 | D:1      | Reached XP level 1. HP: 19/19 MP: 0/0
   237 | D:1      | Reached XP level 2. HP: 27/27 MP: 1/1
   364 | D:1      | Found Zinyf's Assorted Antiques.
  1147 | D:2      | Found a shimmering altar of Xom.
  1223 | D:2      | Reached XP level 3. HP: 31/33 MP: 2/2
  1306 | D:2      | Slain by an orc wizard

Illustrated notes

Levels and vault maps discovered:
D:1:      heliophobic_arrival_ceremonial_halls, layout_basic, serial_shops,
          shop_statue
D:2:      layout_basic, shapermc_ecumenical_altar_venn, basic_altar

Skill      XL: |  1  2  3 |
---------------+----------+-----
Armour         | 4 |  4.1
Fighting       | 4 |  4.2
Long Blades    | 3 |  3.0
Dodging        | |  0.2
Shields        | |  3.9

Action                   || total
-------------------------++-------
Melee: Long sword        ||    61
       Headbutt          ||     9
  Use: Scroll            ||     4
       Potion            ||     1
Armor: Scale mail        ||    31
Dodge: Dodged            ||    28
Block: Buckler           ||    10
